NEW YORK Rangers vs PITTSBURGH Penguins

Created - 23 février 2024 at 14:29

Goals
1 2 3 OT1 SO T
NEW YORK Rangers 1 2 1 0 1 4
PITTSBURGH Penguins 1 3 0 0 2 5
Shots
1 2 3 OT1 SO T
NEW YORK Rangers 15 16 7 5 8 43
PITTSBURGH Penguins 8 6 6 4 8 24

1st period

1. NEW YORK Rangers , Mats Zuccarello 8 (Jamie Benn 20, Jared Spurgeon 13) at 15:14
2. PITTSBURGH Penguins , Yakov Trenin 2 (Thomas Chabot 11, Brandon Carlo 7) at 19:41

Penalties :
Casey Cizikas (NYR) for Tripping (Minor) at 3:03, Connor Clifton (PIT) for Interference (Minor) at 9:39, Brandon Carlo (PIT) for Tripping (Minor) at 12:30

2nd period

3. PITTSBURGH Penguins , Jordan Staal 2 (Nate Schmidt 8, Jake Guentzel 5) at 0:55
4. PITTSBURGH Penguins , Patrik Laine 7 (Adam Pelech 17, Brandon Carlo 8) at 2:18 (SH)
5. NEW YORK Rangers , Jared Spurgeon 7 (Jamie Benn 21) at 8:28
6. PITTSBURGH Penguins , Jason Robertson 9 (Evgeni Malkin 6, Jake Guentzel 6) at 12:56 (PP)
7. NEW YORK Rangers , Dante Fabbro 1 (Chris Kreider 10, Jamie Benn 22) at 14:44

Penalties :
Jason Robertson (PIT) for Holding (Minor) at 1:46, Gabriel Vilardi (PIT) for Holding (Minor) at 3:46, Brandon Carlo (PIT) for Holding Stick (Minor) at 5:35, Jordan Staal (PIT) for Roughing (Minor) at 9:16, Jacob Middleton (NYR) for Slashing (Minor) at 11:33, Tyler Myers (NYR) for Holding (Minor) at 15:47

3rd period

8. NEW YORK Rangers , Cam Fowler 2 (Timo Meier 5, Brayden Schenn 9) at 13:53

Penalties :
Jordan Kyrou (PIT) for Slashing (Minor) at 1:20, Connor Clifton (PIT) for Interference (Minor) at 11:36

Overtime #1

No Goal

Penalties :
No Penalty

Shootout

NEW YORK Rangers, Jamie Benn - Stopped by Cam Talbot
PITTSBURGH Penguins, Jason Robertson - Stopped by Linus Ullmark
NEW YORK Rangers, Chris Kreider - Shot Misses the Net
PITTSBURGH Penguins, Evgeni Malkin - Shot Misses the Net
NEW YORK Rangers, Timo Meier - Stopped by Cam Talbot
PITTSBURGH Penguins, Jake Guentzel - Stopped by Linus Ullmark
NEW YORK Rangers, Mats Zuccarello - Shot Misses the Net
PITTSBURGH Penguins, Barclay Goodrow - Shot Misses the Net
NEW YORK Rangers, Brayden Schenn - Stopped by Cam Talbot
PITTSBURGH Penguins, Patrik Laine - Stopped by Linus Ullmark
NEW YORK Rangers, Jared Spurgeon - Goal!
PITTSBURGH Penguins, Jordan Kyrou - Goal!
NEW YORK Rangers, Justin Faulk - Stopped by Cam Talbot
PITTSBURGH Penguins, Thomas Chabot - Shot Misses the Net
NEW YORK Rangers, Conor Garland - Stopped by Cam Talbot
PITTSBURGH Penguins, Jordan Staal - Goal!

Penalties :
No Penalty

Goalie Stats

Linus Ullmark (NYR), 20 saves from 24 shots - (0,833), OTL, 10-3-3, 65:00 minutes
Cam Talbot (PIT), 39 saves from 43 shots - (0,907), W, 8-7-1, 65:00 minutes

Players Stats for NEW YORK Rangers

Player Name              G  A  P  +/- PIM S  H  SB GA TA FO     MP     PP MP  PK MP  
------------------------------------------------------------------------------------
Andrew Copp              0  0  0   0  0   6  0  0  0  0  7/13   17:57   8:27   0:00 
Brayden Schenn           0  1  1  -2  0   0  3  0  0  0  18/32  18:59   7:15   1:51 
Cam Fowler               1  0  1  -1  0   6  0  1  0  0  0/0    23:08   7:05   2:41 
Casey Cizikas            0  0  0   0  2   1  1  0  0  0  4/7     8:14   0:00   0:00 
Chris Kreider            0  1  1   3  0   3  1  0  0  0  3/8    28:30   8:27   3:30 
Conor Garland            0  0  0  -1  0   1  0  0  0  0  0/0     9:53   0:00   0:00 
Dante Fabbro             1  0  1   1  0   1  0  0  0  0  0/0    12:18   0:00   0:00 
Jacob Middleton          0  0  0   1  2   1  1  1  0  0  0/0    13:12   0:00   0:55 
Jamie Benn               0  3  3   3  0   1  2  1  0  0  23/36  26:53   8:27   3:30 
Jared Spurgeon           1  1  2   1  0   3  1  1  0  0  0/0    26:47   8:37   2:40 
Justin Faulk             0  0  0   1  0   5  6  1  0  0  0/0    26:47   8:37   2:40 
Kasperi Kapanen          0  0  0  -1  0   1  1  0  0  0  0/1    14:46   7:15   0:00 
Kirill Marchenko         0  0  0   0  0   2  0  0  0  0  0/0     7:31   0:00   0:00 
Mats Zuccarello          1  0  1   3  0   2  0  0  0  0  1/2    13:32   0:00   0:00 
Ryan Lomberg             0  0  0   0  0   0  0  0  0  0  0/0     8:15   0:00   0:00 
Timo Meier               0  1  1  -2  0   6  2  0  0  0  0/0    18:59   7:15   1:51 
Tyler Myers              0  0  0  -1  2   4  3  1  0  0  0/0    22:46   7:05   1:46 
Vladislav Namestnikov    0  0  0   0  0   0  1  0  0  0  2/2    11:09   0:00   0:00 

Players Stats for PITTSBURGH Penguins

Player Name              G  A  P  +/- PIM S  H  SB GA TA FO     MP     PP MP  PK MP  
------------------------------------------------------------------------------------
Adam Pelech              0  1  1   0  0   0  1  3  0  0  0/0    23:29   1:43   8:02 
Alexander Volkov         0  0  0   0  0   1  0  0  0  0  0/0     7:54   0:00   0:16 
Barclay Goodrow          0  0  0  -1  0   2  1  0  0  0  14/33  20:11   2:55   4:57 
Brandon Carlo            0  2  2   0  4   0  0  1  0  0  0/0    23:04   0:00   5:36 
Connor Clifton           0  0  0  -1  4   0  5  2  0  0  0/0    14:46   0:00   1:04 
Evgeni Malkin            0  1  1   0  0   2  3  0  0  0  15/38  26:33   2:26  10:29 
Gabriel Vilardi          0  0  0   0  2   2  0  0  0  0  4/8     6:05   0:00   0:00 
Jake Guentzel            0  2  2   0  0   2  1  1  0  0  0/1    19:07   2:26   4:47 
Jason Robertson          1  0  1  -1  2   4  1  1  0  0  1/1    25:09   2:26   9:28 
Jesse Puljujarvi         0  0  0  -1  0   0  5  0  0  0  0/0     9:14   0:00   0:00 
Jordan Kyrou             0  0  0  -1  2   3  0  0  0  0  0/1    16:10   2:55   0:00 
Jordan Staal             1  0  1   0  2   1  1  1  0  0  8/16   12:15   0:00   0:00 
Nate Schmidt             0  1  1   0  0   1  1  0  0  0  0/0    23:28   1:43   9:01 
Patrik Laine             1  0  1   1  0   3  0  0  0  0  1/2    16:49   3:38   1:17 
Robert Bortuzzo          0  0  0   0  0   0  3  0  0  0  0/0    10:50   0:00   0:12 
Tanner Pearson           0  0  0  -1  0   1  0  0  0  0  0/1    13:42   2:55   0:00 
Thomas Chabot            0  1  1  -1  0   0  2  0  0  0  0/0    25:41   3:38   7:28 
Yakov Trenin             1  0  1   0  0   2  0  0  0  0  0/0     4:33   0:00   0:00 

3 Stars

1 - Jamie Benn (NYR)
2 - Jared Spurgeon (NYR)
3 - Mats Zuccarello (NYR)

Power Play

NEW YORK Rangers - 0 on 8 Attempt(s) - 0,00%
PITTSBURGH Penguins - 1 on 3 Attempt(s) - 33,33%

Penalty Kill

NEW YORK Rangers - 2 on 3 Attempt(s) - 66,67% - Score 0 goal in Penalty Kill
PITTSBURGH Penguins - 8 on 8 Attempt(s) - 100,00% - Score 1 goal in Penalty Kill

Team Stat

NEW YORK Rangers - Hits : 22 - Faceoff Wins : 58 - Blocked Shots : 6 - Penalty Minutes : 6
PITTSBURGH Penguins - Hits : 24 - Faceoff Wins : 43 - Blocked Shots : 9 - Penalty Minutes : 16

Official

Referees : Jean Hebert and Jacqueline Howard
Linesman : Nikoleta Celarova and Daniel Negreanu

Game Notes

No Game Note

Finance

Level 1 -- Attendance: 5380 (89,67%) -- Ticket Income $538,000
Level 2 -- Attendance: 4225 (84,50%) -- Ticket Income $253,500
Level 3 -- Attendance: 2000 (100,00%) -- Ticket Income $70,000
Level 4 -- Attendance: 4000 (100,00%) -- Ticket Income $80,000
Luxury Box -- Attendance: 796 (79,60%) -- Ticket Income $159,200
Game was played at the Consol Energy Center.
Total Attendance: 16401 (91,12%)
Total Ticket Income: $1,100,700
Other Income: $275,175
Total Income: $1,375,875

NEW YORK Rangers

5 vs 5 Forward 
   Center                   Left Wing                Right Wing               Time % Phy DF OF 
 1 Jamie Benn               Chris Kreider            Mats Zuccarello          40     1   1  3  
 2 Brayden Schenn           Timo Meier               Conor Garland            30     1   2  2  
 3 Andrew Copp              Kasperi Kapanen          Kirill Marchenko         20     1   3  1  
 4 Casey Cizikas            Ryan Lomberg             Vladislav Namestnikov    10     3   2  0  

5 vs 5 Defense 
   Defense                  Defense                                           Time % Phy DF OF 
 1 Jared Spurgeon           Justin Faulk                                      40     1   2  2  
 2 Cam Fowler               Tyler Myers                                       33     1   2  2  
 3 Jacob Middleton          Dante Fabbro                                      26     3   2  0  
 4 Jared Spurgeon           Justin Faulk                                      1      1   2  2  

PowerPlay Forward 
   Center                   Left Wing                Right Wing               Time % Phy DF OF 
 1 Jamie Benn               Chris Kreider            Andrew Copp              60     1   2  2  
 2 Brayden Schenn           Timo Meier               Kasperi Kapanen          40     1   2  2  

PowerPlay Defense
   Defense                  Defense                                           Time % Phy DF OF 
 1 Jared Spurgeon           Justin Faulk                                      60     1   2  2  
 2 Cam Fowler               Tyler Myers                                       40     1   2  2  

Penalty Kill 4 Players Forward 
   Center                   Wing                     Time % Phy DF OF 
 1 Jamie Benn               Chris Kreider            60     1   2  2  
 2 Brayden Schenn           Timo Meier               40     1   2  2  

Penalty Kill 4 Players Defense
   Defense                  Defense                  Time % Phy DF OF 
 1 Jared Spurgeon           Justin Faulk             60     1   2  2  
 2 Cam Fowler               Tyler Myers              40     1   2  2  

Penalty Kill - 3 Players Forward 
   Forward                                           Time % Phy DF OF 
 1 Jamie Benn                                        60     1   2  2  
 2 Brayden Schenn                                    40     1   2  2  

Penalty Kill - 3 Players Defense
   Defense                  Defense                  Time % Phy DF OF 
 1 Jared Spurgeon           Justin Faulk             60     1   2  2  
 2 Cam Fowler               Tyler Myers              40     1   2  2  

4 vs 4 Forward 
   Center                   Wing                     Time % Phy DF OF 
 1 Jamie Benn               Chris Kreider            60     1   2  2  
 2 Brayden Schenn           Timo Meier               40     1   2  2  

4 vs 4 Defense
   Defense                  Defense                  Time % Phy DF OF 
 1 Jared Spurgeon           Justin Faulk             60     1   2  2  
 2 Cam Fowler               Tyler Myers              40     1   2  2  

Last Minutes Offensive
   Center                   Left Wing                Right Wing               Defense                  Defense                  
   Jamie Benn               Chris Kreider            Andrew Copp              Jared Spurgeon           Justin Faulk             

Last Minutes Defensive
   Center                   Left Wing                Right Wing               Defense                  Defense                  
   Jamie Benn               Chris Kreider            Andrew Copp              Jared Spurgeon           Justin Faulk             

Goaltenders
Starting : Linus Ullmark            
Backup : Eric Comrie              

Extra Forwards
Normal : Brayden Schenn, Andrew Copp, Conor Garland - PP : Brayden Schenn, Andrew Copp - PK : Brayden Schenn
Extra Defensemen
Normal : Tyler Myers, Jacob Middleton, Dante Fabbro - PP : Tyler Myers - PK : Tyler Myers, Jacob Middleton
Penalty Shots
Jamie Benn, Chris Kreider, Timo Meier, Mats Zuccarello, Brayden Schenn

Scratches
Mason Shaw (Healthy)

PITTSBURGH Penguins

5 vs 5 Forward 
   Center                   Left Wing                Right Wing               Time % Phy DF OF 
 1 Evgeni Malkin            Jason Robertson          Jordan Kyrou             34     1   1  3  
 2 Jordan Staal             Jake Guentzel            Patrik Laine             30     1   1  3  
 3 Barclay Goodrow          Tanner Pearson           Jesse Puljujarvi         24     1   1  3  
 4 Gabriel Vilardi          Alexander Volkov         Yakov Trenin             12     1   3  1  

5 vs 5 Defense 
   Defense                  Defense                                           Time % Phy DF OF 
 1 Thomas Chabot            Brandon Carlo                                     38     1   1  3  
 2 Connor Clifton           Adam Pelech                                       36     1   3  1  
 3 Nate Schmidt             Robert Bortuzzo                                   26     1   4  0  
 4 Thomas Chabot            Adam Pelech                                       0      1   4  0  

PowerPlay Forward 
   Center                   Left Wing                Right Wing               Time % Phy DF OF 
 1 Evgeni Malkin            Jason Robertson          Jake Guentzel            65     0   0  5  
 2 Barclay Goodrow          Jordan Kyrou             Tanner Pearson           35     0   1  4  

PowerPlay Defense
   Defense                  Defense                                           Time % Phy DF OF 
 1 Patrik Laine             Thomas Chabot                                     65     0   0  5  
 2 Adam Pelech              Nate Schmidt                                      35     0   1  4  

Penalty Kill 4 Players Forward 
   Center                   Wing                     Time % Phy DF OF 
 1 Evgeni Malkin            Jason Robertson          60     1   4  0  
 2 Barclay Goodrow          Jake Guentzel            40     0   5  0  

Penalty Kill 4 Players Defense
   Defense                  Defense                  Time % Phy DF OF 
 1 Nate Schmidt             Thomas Chabot            60     1   4  0  
 2 Brandon Carlo            Adam Pelech              40     1   4  0  

Penalty Kill - 3 Players Forward 
   Forward                                           Time % Phy DF OF 
 1 Jason Robertson                                   50     0   5  0  
 2 Barclay Goodrow                                   50     0   5  0  

Penalty Kill - 3 Players Defense
   Defense                  Defense                  Time % Phy DF OF 
 1 Thomas Chabot            Nate Schmidt             70     1   4  0  
 2 Brandon Carlo            Adam Pelech              30     1   4  0  

4 vs 4 Forward 
   Center                   Wing                     Time % Phy DF OF 
 1 Patrik Laine             Jason Robertson          60     0   2  3  
 2 Evgeni Malkin            Jake Guentzel            40     0   2  3  

4 vs 4 Defense
   Defense                  Defense                  Time % Phy DF OF 
 1 Thomas Chabot            Adam Pelech              58     1   2  2  
 2 Nate Schmidt             Connor Clifton           42     1   2  2  

Last Minutes Offensive
   Center                   Left Wing                Right Wing               Defense                  Defense                  
   Jordan Kyrou             Evgeni Malkin            Jason Robertson          Nate Schmidt             Thomas Chabot            

Last Minutes Defensive
   Center                   Left Wing                Right Wing               Defense                  Defense                  
   Jordan Kyrou             Barclay Goodrow          Yakov Trenin             Adam Pelech              Brandon Carlo            

Goaltenders
Starting : Cam Talbot               
Backup : Elvis Merzlikins         

Extra Forwards
Normal : Patrik Laine, Evgeni Malkin, Barclay Goodrow - PP : Patrik Laine, Evgeni Malkin - PK : Patrik Laine
Extra Defensemen
Normal : Nate Schmidt, Adam Pelech, Thomas Chabot - PP : Nate Schmidt - PK : Nate Schmidt, Adam Pelech
Penalty Shots
Jason Robertson, Evgeni Malkin, Jake Guentzel, Barclay Goodrow, Patrik Laine

Scratches
None


% Time on Ice - NEW YORK Rangers

Lines # - Real PCT - Wanted PCT - Time Play
Normal Forward
1 - 34% - 40% - 13:18
2 - 25% - 30% - 9:53
3 - 19% - 20% - 7:31
4 - 21% - 10% - 8:15
Normal Defense
1 - 37% - 40% - 14:35
2 - 29% - 33% - 11:09
3 - 32% - 26% - 12:18
4 - 2% - 1% - 0:55
PP Forward
1 - 54% - 60% - 8:27
2 - 46% - 40% - 7:15
PP Defense
1 - 55% - 60% - 8:37
2 - 45% - 40% - 7:05
PK Forward
1 - 65% - 60% - 3:30
2 - 35% - 40% - 1:51
PK Defense
1 - 50% - 60% - 2:40
2 - 50% - 40% - 2:41
PK3 Forward
1 - 0% - 60%
2 - 0% - 40%
PK3 Defense
1 - 0% - 60%
2 - 0% - 40%
44 Forward
1 - 0% - 60%
2 - 0% - 40%
44 Defense
1 - 0% - 60%
2 - 0% - 40%
Last Minute Offensive  - 0:00
Last Minute Defensive  - 0:00
Total
Forward - 60:00
Defense - 60:00

% Time on Ice - PITTSBURGH Penguins

Lines # - Real PCT - Wanted PCT - Time Play
Normal Forward
1 - 34% - 34% - 13:16
2 - 31% - 30% - 11:54
3 - 24% - 24% - 9:14
4 - 12% - 12% - 4:33
Normal Defense
1 - 37% - 38% - 14:35
2 - 35% - 36% - 13:44
3 - 27% - 26% - 10:38
4 - 0% - 0% - 0:00
PP Forward
1 - 45% - 65% - 2:26
2 - 55% - 35% - 2:55
PP Defense
1 - 68% - 65% - 3:38
2 - 32% - 35% - 1:43
PK Forward
1 - 69% - 60% - 10:45
2 - 31% - 40% - 4:47
PK Defense
1 - 48% - 60% - 7:24
2 - 52% - 40% - 8:08
PK3 Forward
1 - 0% - 50% - 0:00
2 - 100% - 50% - 0:10
PK3 Defense
1 - 40% - 70% - 0:04
2 - 60% - 30% - 0:06
44 Forward
1 - 0% - 60%
2 - 0% - 40%
44 Defense
1 - 0% - 58%
2 - 0% - 42%
Last Minute Offensive  - 0:00
Last Minute Defensive  - 0:00
Total
Forward - 60:00
Defense - 60:00

Play-by-Play

1st period


0:01 of 1st period - Evgeni Malkin wins face-off versus Jamie Benn in neutral zone.
0:59 of 1st period - Icing by Jordan Staal.
1:00 of 1st period - Jordan Staal wins face-off versus Brayden Schenn in PITTSBURGH Penguins zone.
1:19 of 1st period - Shot by Jake Guentzel.
1:19 of 1st period - Stopped by Linus Ullmark with a rebound.
1:40 of 1st period - Icing by Adam Pelech.
1:41 of 1st period - Andrew Copp wins face-off versus Jordan Staal in PITTSBURGH Penguins zone.
2:08 of 1st period - Icing by Adam Pelech.
2:09 of 1st period - Jordan Staal wins face-off versus Casey Cizikas in PITTSBURGH Penguins zone.
2:09 of 1st period - Jordan Staal is hit by Casey Cizikas.
2:20 of 1st period - Jordan Staal is hit by Justin Faulk and loses puck.
2:32 of 1st period - Icing by Jared Spurgeon.
2:33 of 1st period - Casey Cizikas wins face-off versus Barclay Goodrow in NEW YORK Rangers zone.
2:37 of 1st period - Jared Spurgeon is hit by Jesse Puljujarvi and loses puck.
2:52 of 1st period - Shot by Tanner Pearson.
2:52 of 1st period - Shot Misses the Net.
3:03 of 1st period - Minor Penalty to Casey Cizikas for Tripping.
3:04 of 1st period - Jamie Benn wins face-off versus Evgeni Malkin in NEW YORK Rangers zone.
3:15 of 1st period - Shot by Patrik Laine.
3:15 of 1st period - Stopped by Linus Ullmark with a rebound.
3:17 of 1st period - Shot by Jake Guentzel.
3:17 of 1st period - Shot Misses the Net.
4:03 of 1st period - Icing by Barclay Goodrow.
4:04 of 1st period - Brayden Schenn wins face-off versus Barclay Goodrow in PITTSBURGH Penguins zone.
4:19 of 1st period - Shot by Barclay Goodrow.
4:19 of 1st period - Shot Misses the Net.
4:21 of 1st period - Shot by Barclay Goodrow.
4:21 of 1st period - Deflect By Tanner Pearson.
4:21 of 1st period - Stopped by Linus Ullmark without a rebound.
4:22 of 1st period - Jamie Benn wins face-off versus Jake Guentzel in NEW YORK Rangers zone.
5:37 of 1st period - Icing by Jacob Middleton.
5:38 of 1st period - Barclay Goodrow wins face-off versus Andrew Copp in NEW YORK Rangers zone.
6:31 of 1st period - Shot by Jason Robertson.
6:31 of 1st period - Stopped by Linus Ullmark with a rebound.
6:51 of 1st period - Shot by Jordan Kyrou.
6:51 of 1st period - Stopped by Linus Ullmark with a rebound.
7:36 of 1st period - Shot by Timo Meier.
7:36 of 1st period - Shot Misses the Net.
8:13 of 1st period - Shot by Kirill Marchenko.
8:13 of 1st period - Stopped by Cam Talbot without a rebound.
8:14 of 1st period - Vladislav Namestnikov wins face-off versus Jordan Staal in PITTSBURGH Penguins zone.
8:14 of 1st period - Jacob Middleton is hit by Robert Bortuzzo and loses puck.
8:47 of 1st period - Jacob Middleton is hit by Jake Guentzel and loses puck.
8:53 of 1st period - Icing by Ryan Lomberg.
8:54 of 1st period - Vladislav Namestnikov wins face-off versus Barclay Goodrow in NEW YORK Rangers zone.
8:56 of 1st period - Icing by Jacob Middleton.
8:57 of 1st period - Casey Cizikas wins face-off versus Barclay Goodrow in NEW YORK Rangers zone.
8:57 of 1st period - Casey Cizikas is hit by Barclay Goodrow.
9:02 of 1st period - Jacob Middleton is hit by Connor Clifton.
9:04 of 1st period - Shot by Vladislav Namestnikov.
9:04 of 1st period - Shot Misses the Net.
9:39 of 1st period - Minor Penalty to Connor Clifton for Interference.
9:40 of 1st period - Brayden Schenn wins face-off versus Evgeni Malkin in PITTSBURGH Penguins zone.
10:10 of 1st period - Shot by Tyler Myers.
10:10 of 1st period - Stopped by Cam Talbot without a rebound.
10:11 of 1st period - Jamie Benn wins face-off versus Evgeni Malkin in PITTSBURGH Penguins zone.
10:47 of 1st period - Shot by Justin Faulk.
10:47 of 1st period - Stopped by Cam Talbot without a rebound.
10:48 of 1st period - Brayden Schenn wins face-off versus Evgeni Malkin in PITTSBURGH Penguins zone.
10:51 of 1st period - Shot by Tyler Myers.
10:51 of 1st period - Shot Misses the Net.
10:53 of 1st period - Shot by Tyler Myers.
10:53 of 1st period - Stopped by Cam Talbot without a rebound.
10:54 of 1st period - Evgeni Malkin wins face-off versus Brayden Schenn in PITTSBURGH Penguins zone.
11:00 of 1st period - Icing by Cam Fowler.
11:01 of 1st period - Evgeni Malkin wins face-off versus Brayden Schenn in NEW YORK Rangers zone.
11:04 of 1st period - Shot by Jason Robertson.
11:04 of 1st period - Stopped by Linus Ullmark without a rebound.
11:05 of 1st period - Jamie Benn wins face-off versus Evgeni Malkin in NEW YORK Rangers zone.
11:30 of 1st period - Shot by Justin Faulk.
11:30 of 1st period - Shot Misses the Net.
11:32 of 1st period - Shot by Jared Spurgeon.
11:32 of 1st period - Shot Misses the Net.
11:42 of 1st period - Shot by Brayden Schenn.
11:42 of 1st period - Shot Misses the Net.
11:44 of 1st period - Shot by Tyler Myers.
11:44 of 1st period - Stopped by Cam Talbot without a rebound.
11:45 of 1st period - Brayden Schenn wins face-off versus Jordan Staal in PITTSBURGH Penguins zone.
11:45 of 1st period - Brayden Schenn is hit by Connor Clifton.
12:21 of 1st period - Shot by Connor Clifton.
12:21 of 1st period - Shot Misses the Net.
12:29 of 1st period - Shot by Timo Meier.
12:29 of 1st period - Stopped by Cam Talbot without a rebound.
12:30 of 1st period - Jamie Benn wins face-off versus Gabriel Vilardi in PITTSBURGH Penguins zone.
12:30 of 1st period - Minor Penalty to Brandon Carlo for Tripping.
12:31 of 1st period - Jamie Benn wins face-off versus Evgeni Malkin in PITTSBURGH Penguins zone.
12:38 of 1st period - Shot by Justin Faulk.
12:38 of 1st period - Stopped by Cam Talbot with a rebound.
12:42 of 1st period - Shot by Justin Faulk.
12:42 of 1st period - Shot Misses the Net.
12:44 of 1st period - Shot by Jared Spurgeon.
12:44 of 1st period - Stopped by Cam Talbot without a rebound.
12:45 of 1st period - Jamie Benn wins face-off versus Evgeni Malkin in PITTSBURGH Penguins zone.
12:50 of 1st period - Shot by Justin Faulk.
12:50 of 1st period - Stopped by Cam Talbot without a rebound.
12:51 of 1st period - Evgeni Malkin wins face-off versus Jamie Benn in PITTSBURGH Penguins zone.
13:54 of 1st period - Shot by Timo Meier.
13:54 of 1st period - Shot Blocked by Connor Clifton.
14:04 of 1st period - Shot by Timo Meier.
14:04 of 1st period - Deflect By Brayden Schenn.
14:04 of 1st period - Shot Misses the Net.
14:06 of 1st period - Shot by Cam Fowler.
14:06 of 1st period - Stopped by Cam Talbot with a rebound.
14:08 of 1st period - Shot by Cam Fowler.
14:08 of 1st period - Stopped by Cam Talbot without a rebound.
14:09 of 1st period - Evgeni Malkin wins face-off versus Brayden Schenn in PITTSBURGH Penguins zone.
14:48 of 1st period - Shot by Yakov Trenin.
14:48 of 1st period - Stopped by Linus Ullmark without a rebound.
14:49 of 1st period - Jamie Benn wins face-off versus Jordan Staal in NEW YORK Rangers zone.
14:58 of 1st period - Shot by Chris Kreider.
14:58 of 1st period - Stopped by Cam Talbot without a rebound.
14:59 of 1st period - Barclay Goodrow wins face-off versus Jamie Benn in PITTSBURGH Penguins zone.
15:14 of 1st period - Shot by Mats Zuccarello.
15:14 of 1st period - Goal by Mats Zuccarello - NEW YORK Rangers : 1 - PITTSBURGH Penguins : 0.
15:15 of 1st period - Evgeni Malkin wins face-off versus Brayden Schenn in neutral zone.
15:15 of 1st period - Evgeni Malkin is hit by Brayden Schenn.
15:53 of 1st period - Shot by Jason Robertson.
15:53 of 1st period - Shot Misses the Net.
15:59 of 1st period - Shot by Jordan Kyrou.
15:59 of 1st period - Shot Misses the Net.
16:40 of 1st period - Chris Kreider is hit by Thomas Chabot and loses puck.
17:30 of 1st period - Off-side.
17:31 of 1st period - Andrew Copp wins face-off versus Jordan Kyrou in neutral zone.
17:31 of 1st period - Kirill Marchenko is hit by Evgeni Malkin and loses puck.
17:40 of 1st period - Shot by Kasperi Kapanen.
17:40 of 1st period - Shot Blocked by Adam Pelech.
18:44 of 1st period - Shot by Casey Cizikas.
18:44 of 1st period - Stopped by Cam Talbot with a rebound.
19:31 of 1st period - Shot by Mats Zuccarello.
19:31 of 1st period - Stopped by Cam Talbot without a rebound.
19:32 of 1st period - Gabriel Vilardi wins face-off versus Brayden Schenn in PITTSBURGH Penguins zone.
19:41 of 1st period - Shot by Yakov Trenin.
19:41 of 1st period - Goal by Yakov Trenin - NEW YORK Rangers : 1 - PITTSBURGH Penguins : 1.
19:42 of 1st period - Jamie Benn wins face-off versus Evgeni Malkin in neutral zone.
19:47 of 1st period - Icing by Thomas Chabot.
19:48 of 1st period - Mats Zuccarello wins face-off versus Evgeni Malkin in PITTSBURGH Penguins zone.
Goals for this period are 1 for NEW YORK Rangers vs 1 for PITTSBURGH Penguins.
Shots for this period are 15 for NEW YORK Rangers vs 8 for PITTSBURGH Penguins.

2nd period


0:01 of 2nd period - Jamie Benn wins face-off versus Evgeni Malkin in neutral zone.
0:28 of 2nd period - Icing by Jamie Benn.
0:29 of 2nd period - Jamie Benn wins face-off versus Jordan Staal in NEW YORK Rangers zone.
0:45 of 2nd period - Icing by Patrik Laine.
0:46 of 2nd period - Jordan Staal wins face-off versus Brayden Schenn in PITTSBURGH Penguins zone.
0:55 of 2nd period - Shot by Jordan Staal.
0:55 of 2nd period - Goal by Jordan Staal - NEW YORK Rangers : 1 - PITTSBURGH Penguins : 2.
0:56 of 2nd period - Andrew Copp wins face-off versus Evgeni Malkin in neutral zone.
0:59 of 2nd period - Shot by Cam Fowler.
0:59 of 2nd period - Stopped by Cam Talbot with a rebound.
1:01 of 2nd period - Shot by Andrew Copp.
1:01 of 2nd period - Deflect By Kirill Marchenko.
1:01 of 2nd period - Stopped by Cam Talbot without a rebound.
1:02 of 2nd period - Jamie Benn wins face-off versus Evgeni Malkin in PITTSBURGH Penguins zone.
1:19 of 2nd period - Shot by Justin Faulk.
1:19 of 2nd period - Shot Misses the Net.
1:21 of 2nd period - Shot by Justin Faulk.
1:21 of 2nd period - Shot Misses the Net.
1:46 of 2nd period - Minor Penalty to Jason Robertson for Holding.
1:47 of 2nd period - Brayden Schenn wins face-off versus Barclay Goodrow in PITTSBURGH Penguins zone.
2:16 of 2nd period - Shot by Patrik Laine.
2:16 of 2nd period - Shot Blocked by Tyler Myers.
2:18 of 2nd period - Shot by Patrik Laine.
2:18 of 2nd period - Goal by Patrik Laine - NEW YORK Rangers : 1 - PITTSBURGH Penguins : 3.
2:19 of 2nd period - Patrik Laine wins face-off versus Jamie Benn in neutral zone.
2:43 of 2nd period - Shot by Jared Spurgeon.
2:43 of 2nd period - Shot Misses the Net.
2:45 of 2nd period - Shot by Andrew Copp.
2:45 of 2nd period - Stopped by Cam Talbot without a rebound.
2:46 of 2nd period - Brayden Schenn wins face-off versus Barclay Goodrow in PITTSBURGH Penguins zone.
2:47 of 2nd period - Shot by Timo Meier.
2:47 of 2nd period - Stopped by Cam Talbot without a rebound.
2:48 of 2nd period - Brayden Schenn wins face-off versus Evgeni Malkin in PITTSBURGH Penguins zone.
3:05 of 2nd period - Shot by Timo Meier.
3:05 of 2nd period - Stopped by Cam Talbot without a rebound.
3:06 of 2nd period - Barclay Goodrow wins face-off versus Jamie Benn in PITTSBURGH Penguins zone.
3:46 of 2nd period - Minor Penalty to Gabriel Vilardi for Holding.
3:47 of 2nd period - Evgeni Malkin wins face-off versus Brayden Schenn in PITTSBURGH Penguins zone.
3:47 of 2nd period - Evgeni Malkin is hit by Timo Meier.
4:09 of 2nd period - Shot by Tyler Myers.
4:09 of 2nd period - Stopped by Cam Talbot without a rebound.
4:10 of 2nd period - Barclay Goodrow wins face-off versus Jamie Benn in PITTSBURGH Penguins zone.
4:31 of 2nd period - Shot by Jamie Benn.
4:31 of 2nd period - Shot Misses the Net.
4:33 of 2nd period - Shot by Chris Kreider.
4:33 of 2nd period - Stopped by Cam Talbot without a rebound.
4:34 of 2nd period - Barclay Goodrow wins face-off versus Brayden Schenn in PITTSBURGH Penguins zone.
4:34 of 2nd period - Adam Pelech is hit by Timo Meier and loses puck.
4:55 of 2nd period - Shot by Timo Meier.
4:55 of 2nd period - Stopped by Cam Talbot without a rebound.
4:56 of 2nd period - Barclay Goodrow wins face-off versus Chris Kreider in PITTSBURGH Penguins zone.
5:30 of 2nd period - Shot by Andrew Copp.
5:30 of 2nd period - Stopped by Cam Talbot without a rebound.
5:31 of 2nd period - Brayden Schenn wins face-off versus Barclay Goodrow in PITTSBURGH Penguins zone.
5:32 of 2nd period - Shot by Tyler Myers.
5:32 of 2nd period - Shot Misses the Net.
5:34 of 2nd period - Shot by Tyler Myers.
5:34 of 2nd period - Shot Blocked by Brandon Carlo.
5:35 of 2nd period - Minor Penalty to Brandon Carlo for Holding Stick.
5:36 of 2nd period - Brayden Schenn wins face-off versus Barclay Goodrow in PITTSBURGH Penguins zone.
5:39 of 2nd period - Shot by Tyler Myers.
5:39 of 2nd period - Shot Misses the Net.
5:41 of 2nd period - Shot by Kasperi Kapanen.
5:41 of 2nd period - Stopped by Cam Talbot without a rebound.
5:42 of 2nd period - Brayden Schenn wins face-off versus Barclay Goodrow in PITTSBURGH Penguins zone.
5:49 of 2nd period - Shot by Timo Meier.
5:49 of 2nd period - Shot Blocked by Adam Pelech.
5:51 of 2nd period - Shot by Justin Faulk.
5:51 of 2nd period - Stopped by Cam Talbot without a rebound.
5:52 of 2nd period - Evgeni Malkin wins face-off versus Jamie Benn in PITTSBURGH Penguins zone.
6:58 of 2nd period - Shot by Timo Meier.
6:58 of 2nd period - Shot Misses the Net.
7:28 of 2nd period - Adam Pelech is hit by Brayden Schenn and loses puck.
8:15 of 2nd period - Shot by Vladislav Namestnikov.
8:15 of 2nd period - Shot Misses the Net.
8:22 of 2nd period - Icing by Thomas Chabot.
8:23 of 2nd period - Gabriel Vilardi wins face-off versus Chris Kreider in PITTSBURGH Penguins zone.
8:23 of 2nd period - Brandon Carlo is hit by Jamie Benn and loses puck.
8:28 of 2nd period - Shot by Jared Spurgeon.
8:28 of 2nd period - Goal by Jared Spurgeon - NEW YORK Rangers : 2 - PITTSBURGH Penguins : 3.
8:29 of 2nd period - Jordan Staal wins face-off versus Jamie Benn in neutral zone.
8:35 of 2nd period - Icing by Justin Faulk.
8:36 of 2nd period - Jamie Benn wins face-off versus Evgeni Malkin in NEW YORK Rangers zone.
8:48 of 2nd period - Justin Faulk is hit by Robert Bortuzzo and loses puck.
9:15 of 2nd period - Off-side.
9:16 of 2nd period - Brayden Schenn wins face-off versus Patrik Laine in neutral zone.
9:16 of 2nd period - Minor Penalty to Jordan Staal for Roughing.
9:17 of 2nd period - Barclay Goodrow wins face-off versus Kasperi Kapanen in PITTSBURGH Penguins zone.
10:27 of 2nd period - Shot by Jared Spurgeon.
10:27 of 2nd period - Shot Blocked by Jason Robertson.
10:29 of 2nd period - Shot by Justin Faulk.
10:29 of 2nd period - Shot Blocked by Adam Pelech.
10:33 of 2nd period - Shot by Jared Spurgeon.
10:33 of 2nd period - Stopped by Cam Talbot with a rebound.
11:20 of 2nd period - Icing by Dante Fabbro.
11:21 of 2nd period - Jordan Staal wins face-off versus Casey Cizikas in NEW YORK Rangers zone.
11:21 of 2nd period - Patrik Laine is hit by Jacob Middleton and loses puck.
11:33 of 2nd period - Minor Penalty to Jacob Middleton for Slashing.
11:34 of 2nd period - Jamie Benn wins face-off versus Barclay Goodrow in NEW YORK Rangers zone.
11:55 of 2nd period - Shot by Jordan Kyrou.
11:55 of 2nd period - Shot Misses the Net.
12:11 of 2nd period - Icing by Jordan Kyrou.
12:12 of 2nd period - Chris Kreider wins face-off versus Barclay Goodrow in PITTSBURGH Penguins zone.
12:31 of 2nd period - Shot by Jamie Benn.
12:31 of 2nd period - Stopped by Cam Talbot without a rebound.
12:32 of 2nd period - Brayden Schenn wins face-off versus Evgeni Malkin in PITTSBURGH Penguins zone.
12:54 of 2nd period - Shot by Jake Guentzel.
12:54 of 2nd period - Shot Hit the Post.
12:56 of 2nd period - Shot by Evgeni Malkin.
12:56 of 2nd period - Deflect By Jason Robertson.
12:56 of 2nd period - Goal by Jason Robertson - NEW YORK Rangers : 2 - PITTSBURGH Penguins : 4.
12:57 of 2nd period - Brayden Schenn wins face-off versus Gabriel Vilardi in neutral zone.
13:58 of 2nd period - Icing by Brandon Carlo.
13:59 of 2nd period - Gabriel Vilardi wins face-off versus Andrew Copp in PITTSBURGH Penguins zone.
14:05 of 2nd period - Brandon Carlo is hit by Kasperi Kapanen and loses puck.
14:18 of 2nd period - Shot by Justin Faulk.
14:18 of 2nd period - Stopped by Cam Talbot without a rebound.
14:19 of 2nd period - Jamie Benn wins face-off versus Evgeni Malkin in PITTSBURGH Penguins zone.
14:42 of 2nd period - Shot by Chris Kreider.
14:42 of 2nd period - Shot Misses the Net.
14:44 of 2nd period - Shot by Dante Fabbro.
14:44 of 2nd period - Goal by Dante Fabbro - NEW YORK Rangers : 3 - PITTSBURGH Penguins : 4.
14:45 of 2nd period - Andrew Copp wins face-off versus Jordan Staal in neutral zone.
15:12 of 2nd period - Shot by Jordan Staal.
15:12 of 2nd period - Deflect By Patrik Laine.
15:12 of 2nd period - Shot Hit the Post.
15:16 of 2nd period - Shot by Jake Guentzel.
15:16 of 2nd period - Stopped by Linus Ullmark without a rebound.
15:17 of 2nd period - Jamie Benn wins face-off versus Evgeni Malkin in NEW YORK Rangers zone.
15:17 of 2nd period - Jamie Benn is hit by Jason Robertson.
15:25 of 2nd period - Jamie Benn is hit by Evgeni Malkin and loses puck.
15:47 of 2nd period - Minor Penalty to Tyler Myers for Holding.
15:48 of 2nd period - Jamie Benn wins face-off versus Barclay Goodrow in NEW YORK Rangers zone.
16:26 of 2nd period - Shot by Barclay Goodrow.
16:26 of 2nd period - Shot Misses the Net.
16:28 of 2nd period - Shot by Tanner Pearson.
16:28 of 2nd period - Shot Misses the Net.
16:56 of 2nd period - Shot by Jason Robertson.
16:56 of 2nd period - Shot Blocked by Justin Faulk.
16:58 of 2nd period - Shot by Nate Schmidt.
16:58 of 2nd period - Stopped by Linus Ullmark without a rebound.
16:59 of 2nd period - Evgeni Malkin wins face-off versus Brayden Schenn in NEW YORK Rangers zone.
17:12 of 2nd period - Shot by Evgeni Malkin.
17:12 of 2nd period - Stopped by Linus Ullmark without a rebound.
17:13 of 2nd period - Jamie Benn wins face-off versus Barclay Goodrow in NEW YORK Rangers zone.
17:37 of 2nd period - Icing by Tanner Pearson.
17:38 of 2nd period - Barclay Goodrow wins face-off versus Brayden Schenn in PITTSBURGH Penguins zone.
17:38 of 2nd period - Barclay Goodrow is hit by Brayden Schenn.
18:41 of 2nd period - Dante Fabbro is hit by Robert Bortuzzo and loses puck.
19:01 of 2nd period - Icing by Justin Faulk.
19:02 of 2nd period - Brayden Schenn wins face-off versus Barclay Goodrow in NEW YORK Rangers zone.
19:02 of 2nd period - Brayden Schenn is hit by Jesse Puljujarvi.
19:05 of 2nd period - Justin Faulk is hit by Jesse Puljujarvi and loses puck.
19:36 of 2nd period - Conor Garland is hit by Jesse Puljujarvi and loses puck.
Goals for this period are 2 for NEW YORK Rangers vs 3 for PITTSBURGH Penguins.
Shots for this period are 16 for NEW YORK Rangers vs 6 for PITTSBURGH Penguins.
0:00 of 3rd period - Icing by Robert Bortuzzo.

3rd period


0:01 of 3rd period - Evgeni Malkin wins face-off versus Jamie Benn in neutral zone.
0:04 of 3rd period - Shot by Jordan Kyrou.
0:04 of 3rd period - Stopped by Linus Ullmark without a rebound.
0:05 of 3rd period - Jason Robertson wins face-off versus Mats Zuccarello in NEW YORK Rangers zone.
0:06 of 3rd period - Shot by Evgeni Malkin.
0:06 of 3rd period - Shot Blocked by Jared Spurgeon.
0:14 of 3rd period - Shot by Jordan Kyrou.
0:14 of 3rd period - Stopped by Linus Ullmark without a rebound.
0:15 of 3rd period - Brayden Schenn wins face-off versus Jordan Staal in NEW YORK Rangers zone.
0:15 of 3rd period - Brayden Schenn is hit by Jordan Staal.
1:20 of 3rd period - Minor Penalty to Jordan Kyrou for Slashing.
1:21 of 3rd period - Jamie Benn wins face-off versus Evgeni Malkin in PITTSBURGH Penguins zone.
1:24 of 3rd period - Shot by Andrew Copp.
1:24 of 3rd period - Stopped by Cam Talbot without a rebound.
1:25 of 3rd period - Jamie Benn wins face-off versus Evgeni Malkin in PITTSBURGH Penguins zone.
2:37 of 3rd period - Shot by Tyler Myers.
2:37 of 3rd period - Shot Misses the Net.
2:39 of 3rd period - Shot by Cam Fowler.
2:39 of 3rd period - Stopped by Cam Talbot without a rebound.
2:40 of 3rd period - Evgeni Malkin wins face-off versus Brayden Schenn in PITTSBURGH Penguins zone.
3:38 of 3rd period - Casey Cizikas is hit by Connor Clifton and loses puck.
3:44 of 3rd period - Casey Cizikas is hit by Connor Clifton and loses puck.
4:41 of 3rd period - Shot by Mats Zuccarello.
4:41 of 3rd period - Deflect By Chris Kreider.
4:41 of 3rd period - Shot Misses the Net.
4:50 of 3rd period - Icing by Jake Guentzel.
4:51 of 3rd period - Brayden Schenn wins face-off versus Jordan Staal in PITTSBURGH Penguins zone.
5:30 of 3rd period - Off-side.
5:31 of 3rd period - Andrew Copp wins face-off versus Evgeni Malkin in neutral zone.
6:41 of 3rd period - Icing by Jacob Middleton.
6:42 of 3rd period - Barclay Goodrow wins face-off versus Andrew Copp in NEW YORK Rangers zone.
6:51 of 3rd period - Jacob Middleton is hit by Jesse Puljujarvi and loses puck.
7:09 of 3rd period - Barclay Goodrow is hit by Justin Faulk and loses puck.
7:39 of 3rd period - Patrik Laine is hit by Jared Spurgeon and loses puck.
8:36 of 3rd period - Shot by Conor Garland.
8:36 of 3rd period - Stopped by Cam Talbot without a rebound.
8:37 of 3rd period - Brayden Schenn wins face-off versus Evgeni Malkin in PITTSBURGH Penguins zone.
8:53 of 3rd period - Jordan Kyrou is hit by Tyler Myers and loses puck.
9:13 of 3rd period - Timo Meier is hit by Thomas Chabot and loses puck.
9:58 of 3rd period - Shot by Ryan Lomberg.
9:58 of 3rd period - Shot Blocked by Connor Clifton.
10:00 of 3rd period - Shot by Jacob Middleton.
10:00 of 3rd period - Stopped by Cam Talbot without a rebound.
10:01 of 3rd period - Gabriel Vilardi wins face-off versus Andrew Copp in PITTSBURGH Penguins zone.
10:18 of 3rd period - Shot by Gabriel Vilardi.
10:18 of 3rd period - Stopped by Linus Ullmark without a rebound.
10:19 of 3rd period - Jordan Staal wins face-off versus Casey Cizikas in NEW YORK Rangers zone.
11:01 of 3rd period - Shot by Patrik Laine.
11:01 of 3rd period - Stopped by Linus Ullmark without a rebound.
11:02 of 3rd period - Jamie Benn wins face-off versus Evgeni Malkin in NEW YORK Rangers zone.
11:02 of 3rd period - Jamie Benn is hit by Evgeni Malkin.
11:32 of 3rd period - Connor Clifton is hit by Chris Kreider and loses puck.
11:36 of 3rd period - Minor Penalty to Connor Clifton for Interference.
11:37 of 3rd period - Brayden Schenn wins face-off versus Barclay Goodrow in PITTSBURGH Penguins zone.
12:25 of 3rd period - Off-side.
12:26 of 3rd period - Jamie Benn wins face-off versus Barclay Goodrow in neutral zone.
12:48 of 3rd period - Barclay Goodrow is hit by Jamie Benn and loses puck.
13:10 of 3rd period - Icing by Jared Spurgeon.
13:11 of 3rd period - Evgeni Malkin wins face-off versus Jamie Benn in NEW YORK Rangers zone.
13:17 of 3rd period - Icing by Andrew Copp.
13:18 of 3rd period - Jamie Benn wins face-off versus Evgeni Malkin in NEW YORK Rangers zone.
13:42 of 3rd period - Conor Garland is hit by Nate Schmidt and loses puck.
13:51 of 3rd period - Shot by Timo Meier.
13:51 of 3rd period - Shot Blocked by Jordan Staal.
13:53 of 3rd period - Shot by Cam Fowler.
13:53 of 3rd period - Goal by Cam Fowler - NEW YORK Rangers : 4 - PITTSBURGH Penguins : 4.
13:54 of 3rd period - Casey Cizikas wins face-off versus Barclay Goodrow in neutral zone.
14:50 of 3rd period - Shot by Jordan Kyrou.
14:50 of 3rd period - Shot Blocked by Jacob Middleton.
14:52 of 3rd period - Shot by Jason Robertson.
14:52 of 3rd period - Shot Misses the Net.
14:58 of 3rd period - Shot by Jason Robertson.
14:58 of 3rd period - Stopped by Linus Ullmark without a rebound.
14:59 of 3rd period - Jordan Staal wins face-off versus Jamie Benn in NEW YORK Rangers zone.
14:59 of 3rd period - Patrik Laine is hit by Justin Faulk and loses puck.
15:27 of 3rd period - Jake Guentzel is hit by Justin Faulk and loses puck.
15:35 of 3rd period - Icing by Justin Faulk.
15:36 of 3rd period - Evgeni Malkin wins face-off versus Jamie Benn in NEW YORK Rangers zone.
15:40 of 3rd period - Jason Robertson is hit by Justin Faulk.
16:01 of 3rd period - Icing by Adam Pelech.
16:02 of 3rd period - Evgeni Malkin wins face-off versus Brayden Schenn in PITTSBURGH Penguins zone.
16:27 of 3rd period - Shot by Timo Meier.
16:27 of 3rd period - Stopped by Cam Talbot without a rebound.
16:28 of 3rd period - Jordan Staal wins face-off versus Andrew Copp in PITTSBURGH Penguins zone.
16:49 of 3rd period - Shot by Patrik Laine.
16:49 of 3rd period - Shot Misses the Net.
17:01 of 3rd period - Shot by Andrew Copp.
17:01 of 3rd period - Shot Blocked by Jake Guentzel.
17:39 of 3rd period - Shot by Jesse Puljujarvi.
17:39 of 3rd period - Shot Misses the Net.
17:42 of 3rd period - Jesse Puljujarvi is hit by Tyler Myers and loses puck.
17:47 of 3rd period - Shot by Barclay Goodrow.
17:47 of 3rd period - Stopped by Linus Ullmark without a rebound.
17:48 of 3rd period - Evgeni Malkin wins face-off versus Brayden Schenn in NEW YORK Rangers zone.
17:59 of 3rd period - Shot by Timo Meier.
17:59 of 3rd period - Stopped by Cam Talbot without a rebound.
18:00 of 3rd period - Casey Cizikas wins face-off versus Tanner Pearson in PITTSBURGH Penguins zone.
18:47 of 3rd period - Jesse Puljujarvi is hit by Justin Faulk and loses puck.
19:01 of 3rd period - Jared Spurgeon is hit by Adam Pelech and loses puck.
19:29 of 3rd period - Jason Robertson is hit by Tyler Myers and loses puck.
19:45 of 3rd period - Chris Kreider is hit by Connor Clifton and loses puck.
Goals for this period are 1 for NEW YORK Rangers vs 0 for PITTSBURGH Penguins.
Shots for this period are 7 for NEW YORK Rangers vs 6 for PITTSBURGH Penguins.

Overtime #1


0:01 of 1st overtime period - Chris Kreider wins face-off versus Barclay Goodrow in neutral zone.
0:18 of 1st overtime period - Shot by Chris Kreider.
0:18 of 1st overtime period - Deflect By Vladislav Namestnikov.
0:18 of 1st overtime period - Shot Misses the Net.
0:20 of 1st overtime period - Shot by Cam Fowler.
0:20 of 1st overtime period - Stopped by Cam Talbot without a rebound.
0:21 of 1st overtime period - Barclay Goodrow wins face-off versus Chris Kreider in PITTSBURGH Penguins zone.
0:32 of 1st overtime period - Shot by Barclay Goodrow.
0:32 of 1st overtime period - Deflect By Alexander Volkov.
0:32 of 1st overtime period - Stopped by Linus Ullmark without a rebound.
0:33 of 1st overtime period - Barclay Goodrow wins face-off versus Chris Kreider in NEW YORK Rangers zone.
0:52 of 1st overtime period - Shot by Chris Kreider.
0:52 of 1st overtime period - Stopped by Cam Talbot without a rebound.
0:53 of 1st overtime period - Barclay Goodrow wins face-off versus Chris Kreider in PITTSBURGH Penguins zone.
1:02 of 1st overtime period - Shot by Barclay Goodrow.
1:02 of 1st overtime period - Stopped by Linus Ullmark without a rebound.
1:03 of 1st overtime period - Chris Kreider wins face-off versus Barclay Goodrow in NEW YORK Rangers zone.
1:50 of 1st overtime period - Shot by Andrew Copp.
1:50 of 1st overtime period - Stopped by Cam Talbot without a rebound.
1:51 of 1st overtime period - Andrew Copp wins face-off versus Gabriel Vilardi in PITTSBURGH Penguins zone.
2:18 of 1st overtime period - Shot by Andrew Copp.
2:18 of 1st overtime period - Stopped by Cam Talbot without a rebound.
2:19 of 1st overtime period - Barclay Goodrow wins face-off versus Andrew Copp in PITTSBURGH Penguins zone.
2:19 of 1st overtime period - Barclay Goodrow is hit by Vladislav Namestnikov.
2:29 of 1st overtime period - Shot by Vladislav Namestnikov.
2:29 of 1st overtime period - Shot Misses the Net.
3:28 of 1st overtime period - Shot by Gabriel Vilardi.
3:28 of 1st overtime period - Stopped by Linus Ullmark without a rebound.
3:29 of 1st overtime period - Andrew Copp wins face-off versus Gabriel Vilardi in NEW YORK Rangers zone.
3:40 of 1st overtime period - Shot by Andrew Copp.
3:40 of 1st overtime period - Stopped by Cam Talbot with a rebound.
3:48 of 1st overtime period - Shot by Tyler Myers.
3:48 of 1st overtime period - Shot Misses the Net.
4:20 of 1st overtime period - Shot by Jordan Staal.
4:20 of 1st overtime period - Shot Blocked by Cam Fowler.
4:24 of 1st overtime period - Shot by Evgeni Malkin.
4:24 of 1st overtime period - Shot Blocked by Jamie Benn.
4:26 of 1st overtime period - Shot by Evgeni Malkin.
4:26 of 1st overtime period - Stopped by Linus Ullmark without a rebound.
4:27 of 1st overtime period - Barclay Goodrow wins face-off versus Jamie Benn in NEW YORK Rangers zone.
Goals for this period are 0 for NEW YORK Rangers vs 0 for PITTSBURGH Penguins.
Shots for this period are 5 for NEW YORK Rangers vs 4 for PITTSBURGH Penguins.

ShootOut


5:00 of 1st overtime period - Round #1.
5:00 of 1st overtime period - NEW YORK Rangers, Jamie Benn.
5:00 of 1st overtime period - Stopped by Cam Talbot.
5:00 of 1st overtime period - PITTSBURGH Penguins, Jason Robertson.
5:00 of 1st overtime period - Stopped by Linus Ullmark.
5:00 of 1st overtime period - Round #2.
5:00 of 1st overtime period - NEW YORK Rangers, Chris Kreider.
5:00 of 1st overtime period - Shot Misses the Net.
5:00 of 1st overtime period - PITTSBURGH Penguins, Evgeni Malkin.
5:00 of 1st overtime period - Shot Misses the Net.
5:00 of 1st overtime period - Round #3.
5:00 of 1st overtime period - NEW YORK Rangers, Timo Meier.
5:00 of 1st overtime period - Stopped by Cam Talbot.
5:00 of 1st overtime period - PITTSBURGH Penguins, Jake Guentzel.
5:00 of 1st overtime period - Stopped by Linus Ullmark.
5:00 of 1st overtime period - Round #4.
5:00 of 1st overtime period - NEW YORK Rangers, Mats Zuccarello.
5:00 of 1st overtime period - Shot Misses the Net.
5:00 of 1st overtime period - PITTSBURGH Penguins, Barclay Goodrow.
5:00 of 1st overtime period - Shot Misses the Net.
5:00 of 1st overtime period - Round #5.
5:00 of 1st overtime period - NEW YORK Rangers, Brayden Schenn.
5:00 of 1st overtime period - Stopped by Cam Talbot.
5:00 of 1st overtime period - PITTSBURGH Penguins, Patrik Laine.
5:00 of 1st overtime period - Stopped by Linus Ullmark.
5:00 of 1st overtime period - Round #6.
5:00 of 1st overtime period - NEW YORK Rangers, Jared Spurgeon.
5:00 of 1st overtime period - Goal by Jared Spurgeon.
5:00 of 1st overtime period - PITTSBURGH Penguins, Jordan Kyrou.
5:00 of 1st overtime period - Goal by Jordan Kyrou.
5:00 of 1st overtime period - Round #7.
5:00 of 1st overtime period - NEW YORK Rangers, Justin Faulk.
5:00 of 1st overtime period - Stopped by Cam Talbot.
5:00 of 1st overtime period - PITTSBURGH Penguins, Thomas Chabot.
5:00 of 1st overtime period - Shot Misses the Net.
5:00 of 1st overtime period - Round #8.
5:00 of 1st overtime period - NEW YORK Rangers, Conor Garland.
5:00 of 1st overtime period - Stopped by Cam Talbot.
5:00 of 1st overtime period - PITTSBURGH Penguins, Jordan Staal.
5:00 of 1st overtime period - Goal by Jordan Staal. Output by the SimonT Hockey Simulator (STHS) for Martin Benoit - Original Page W3C HTML5 Valid
Hockey Simulator - Hockey Simulation - Hockey Manager